AAA
EVANSVILLE TRIPLETS @ IOWA CUBS
07/03/2063
 
TOP OF THE 1ST
Tucson Sidewinders batting - Pitching for Edmonton Edge : RHP Jose Flores
Pitching: RHP Jose Flores
Batting: RHB Steve Scarbrough 0-0: Foul Ball, location: 2F
0-1: Foul Ball, location: 2F
0-2: Ball
1-2: Ground out 6-3 (Groundball, 6, EV 81.2 MPH)
Batting: LHB Paco Abreu 0-0: Foul Ball, location: 2F
0-1: Foul Ball, location: 2F
0-2: Ball
1-2: Fly out, F8 (Line Drive, 8LM, EV 90.0 MPH)
Batting: RHB Javier Menendez 0-0: Ground out 5-3 (Groundball, 5, EV 83.8 MPH)
Top of the 1st over - 0 runs, 0 hits, 0 errors, 0 left on base; Tucson 0 - Edmonton 0
BOTTOM OF THE 1ST
Edmonton Edge batting - Pitching for Tucson Sidewinders : RHP Israel Newman
Pitching: RHP Israel Newman
Batting: RHB Cameron Popovich 0-0: SINGLE (Groundball, 6MD, EV 105.6 MPH)
Batting: RHB Jose Amador 0-0: Ball
1-0: Foul Ball, location: 2F
1-1: Foul Ball, location: 2F
1-2: Ball
2-2: Strikes out swinging
Batting: LHB Tommy Goyette 0-0: Ball
1-0: Foul Ball, location: 2F
1-1: Ball
2-1: Swinging Strike
2-2: Strikes out looking
Batting: LHB Robert Ledbetter 0-0: Called Strike
0-1: Called Strike
0-2: Ball
1-2: Ball
2-2: Foul Ball, location: 2F
2-2: Fly out, F9 (Line Drive, 9D, EV 93.8 MPH)
Bottom of the 1st over - 0 runs, 1 hit, 0 errors, 1 left on base; Tucson 0 - Edmonton 0
TOP OF THE 2ND
Tucson Sidewinders batting - Pitching for Edmonton Edge : RHP Jose Flores
Batting: LHB Bert Salsameda 0-0: Ball
1-0: Ball
2-0: Fly out, F8 (Flyball, 8RXD, EV 105.6 MPH)
Batting: RHB Emilio Pulido 0-0: Called Strike
0-1: Ball
1-1: Swinging Strike
1-2: Ball
2-2: Foul Ball, location: 2F
2-2: Foul Ball, location: 2F
2-2: Ball
3-2: SINGLE (Line Drive, 34D, EV 97.5 MPH)
Batting: LHB Sean DuPont 0-0: Called Strike
0-1: Ball
1-1: Ball
2-1: Swinging Strike
2-2: Ball
3-2: Foul Ball, location: 2F
3-2: Fly out, F9 (Line Drive, 9LM, EV 86.9 MPH)
Batting: RHB Kirk Bolding 0-0: Foul Ball, location: 2F
0-1: Foul Ball, location: 2F
0-2: Strikes out swinging
Top of the 2nd over - 0 runs, 1 hit, 0 errors, 1 left on base; Tucson 0 - Edmonton 0
BOTTOM OF THE 2ND
Edmonton Edge batting - Pitching for Tucson Sidewinders : RHP Israel Newman
Batting: RHB Jalen Jamison 0-0: Fly out, F8 (Flyball, 8LS, EV 84.4 MPH)
Batting: RHB Jeremy Llorens 0-0: Ball
1-0: Called Strike
1-1: Ball
2-1: Foul Ball, location: 2F
2-2: SOLO HOME RUN (Line Drive, 9LD, EV 92.5 MPH), Distance : 339 ft
Batting: RHB Robbie Peralta 0-0: Called Strike
0-1: Foul Ball, location: 2F
0-2: Ball
1-2: Ball
2-2: Strikes out swinging
Batting: RHB Rick McAlister 0-0: DOUBLE (Line Drive, 78D, EV 105.6 MPH)
Batting: RHB Robo Palmer 0-0: Ground out 4-3 (Groundball, 4, EV 83.8 MPH)
Bottom of the 2nd over - 1 run, 2 hits, 0 errors, 1 left on base; Tucson 0 - Edmonton 1
TOP OF THE 3RD
Tucson Sidewinders batting - Pitching for Edmonton Edge : RHP Jose Flores
Batting: RHB Ross Shields 0-0: Ball
1-0: Called Strike
1-1: Ball
2-1: Foul Ball, location: 2F
2-2: Foul Ball, location: 2F
2-2: Strikes out swinging
Batting: RHB Luke Scala 0-0: Called Strike
0-1: Ball
1-1: Fly out, F7 (Flyball, 7, EV 73.8 MPH)
Batting: RHB Steve Scarbrough 0-0: Foul Ball, location: 2F
0-1: Fly out, F8 (Line Drive, 8LM, EV 93.8 MPH)
Top of the 3rd over - 0 runs, 0 hits, 0 errors, 0 left on base; Tucson 0 - Edmonton 1
BOTTOM OF THE 3RD
Edmonton Edge batting - Pitching for Tucson Sidewinders : RHP Israel Newman
Batting: RHB Cameron Popovich 0-0: Called Strike
0-1: Called Strike
0-2: Foul Ball, location: 2F
0-2: Foul Ball, location: 2F
0-2: Foul Ball, location: 2F
0-2: Ball
1-2: Ball
2-2: Ground out 6-3 (Groundball, 6M, EV 105.6 MPH)
Batting: RHB Jose Amador 0-0: Swinging Strike
0-1: Swinging Strike
0-2: Ball
1-2: Ball
2-2: Ground out 6-3 (Groundball, 6M, EV 90.6 MPH)
Batting: LHB Tommy Goyette 0-0: Called Strike
0-1: Foul Ball, location: 2F
0-2: Fly out, F7 (Flyball, 7D, EV 91.9 MPH)
Bottom of the 3rd over - 0 runs, 0 hits, 0 errors, 0 left on base; Tucson 0 - Edmonton 1
TOP OF THE 4TH
Tucson Sidewinders batting - Pitching for Edmonton Edge : RHP Jose Flores
Batting: LHB Paco Abreu 0-0: Ball
1-0: Called Strike
1-1: Foul Ball, location: 2F
1-2: Fly out, F7 (Flyball, 78D, EV 98.8 MPH)
Batting: RHB Javier Menendez 0-0: SINGLE (Line Drive, 78S, EV 104.4 MPH)
Batting: LHB Bert Salsameda 0-0: Foul Ball, location: 2F
0-1: Ball
1-1: Fly out, F7 (Line Drive, 7D, EV 85.0 MPH)
Batting: RHB Emilio Pulido 0-0: Ball
Javier Menendez steals 2nd base
1-0: Called Strike
1-1: Called Strike
1-2: Strikes out swinging
Top of the 4th over - 0 runs, 1 hit, 0 errors, 1 left on base; Tucson 0 - Edmonton 1
BOTTOM OF THE 4TH
Edmonton Edge batting - Pitching for Tucson Sidewinders : RHP Israel Newman
Batting: LHB Robert Ledbetter 0-0: Called Strike
0-1: Ball
1-1: Ground out 4-3 (Groundball, 4, EV 88.1 MPH)
Batting: RHB Jalen Jamison 0-0: Ball
1-0: Swinging Strike
1-1: Fly out, F8 (Line Drive, 8RD, EV 103.8 MPH)
Batting: RHB Jeremy Llorens 0-0: Called Strike
0-1: Ball
1-1: Called Strike
1-2: Ball
2-2: Ball
3-2: Foul Ball, location: 2F
3-2: Fly out, F8 (Flyball, 8RD, EV 105.6 MPH)
Bottom of the 4th over - 0 runs, 0 hits, 0 errors, 0 left on base; Tucson 0 - Edmonton 1
TOP OF THE 5TH
Tucson Sidewinders batting - Pitching for Edmonton Edge : RHP Jose Flores
Batting: LHB Sean DuPont 0-0: Foul Ball, location: 2F
0-1: Called Strike
0-2: Ball
1-2: Strikes out swinging
Batting: RHB Kirk Bolding 0-0: Ball
1-0: Swinging Strike
1-1: Called Strike
1-2: Foul Ball, location: 2F
1-2: Ball
2-2: Foul Ball, location: 2F
2-2: Ball
3-2: Strikes out swinging
Batting: RHB Ross Shields 0-0: Called Strike
0-1: Swinging Strike
0-2: Ball
1-2: Ground out 6-3 (Groundball, 6, EV 86.9 MPH)
Top of the 5th over - 0 runs, 0 hits, 0 errors, 0 left on base; Tucson 0 - Edmonton 1
BOTTOM OF THE 5TH
Edmonton Edge batting - Pitching for Tucson Sidewinders : RHP Israel Newman
Pitching: RHP Lucas Bartel
Batting: RHB Robbie Peralta 0-0: Ball
1-0: Called Strike
1-1: Ball
2-1: Swinging Strike
2-2: Ball
3-2: Ground out 5-3 (Groundball, 56S, EV 88.8 MPH)
Batting: RHB Rick McAlister 0-0: Ball
1-0: Ball
2-0: Ball
3-0: Base on Balls
Batting: RHB Robo Palmer 0-0: Called Strike
0-1: Ball
1-1: Swinging Strike
1-2: Foul Ball, location: 2F
1-2: Foul Ball, location: 2F
1-2: Ball
2-2: Ball
3-2: Base on Balls
Rick McAlister to second
Batting: RHB Cameron Popovich 0-0: Ball
1-0: SINGLE (Flyball, 6MD, EV 89.4 MPH)
Rick McAlister to third
Robo Palmer to second
Batting: RHB Jose Amador 0-0: Called Strike
0-1: Ball
1-1: Ball
2-1: Fly out, F7 (Flyball, 7D, EV 90.0 MPH)
Runner from 3rd tags up, SCORES, no throw by LF
Batting: LHB Tommy Goyette 0-0: Ball
1-0: Ball
2-0: Swinging Strike
2-1: Foul Ball, location: 2F
2-2: Strikes out swinging
Bottom of the 5th over - 1 run, 1 hit, 0 errors, 2 left on base; Tucson 0 - Edmonton 2
TOP OF THE 6TH
Tucson Sidewinders batting - Pitching for Edmonton Edge : RHP Jose Flores
Batting: RHB Luke Scala 0-0: Foul Ball, location: 2F
0-1: Ball
1-1: Swinging Strike
1-2: Strikes out looking
Batting: RHB Steve Scarbrough 0-0: Swinging Strike
0-1: Foul Ball, location: 2F
0-2: Foul Ball, location: 2F
0-2: Ball
1-2: Foul Ball, location: 2F
1-2: Hit by Pitch
Batting: LHB Paco Abreu 0-0: Ball
1-0: Called Strike
1-1: Ball
2-1: Foul Ball, location: 2F
2-2: Ball
3-2: Foul Ball, location: 2F
3-2: Strikes out swinging
Steve Scarbrough steals 2nd base
Batter strikes out.
Batting: RHB Javier Menendez 0-0: Ground out 6-3 (Groundball, 6M, EV 106.2 MPH)
Top of the 6th over - 0 runs, 0 hits, 0 errors, 1 left on base; Tucson 0 - Edmonton 2
BOTTOM OF THE 6TH
Edmonton Edge batting - Pitching for Tucson Sidewinders : RHP Lucas Bartel
Batting: LHB Robert Ledbetter 0-0: Called Strike
0-1: Swinging Strike
0-2: Strikes out swinging, 2-3 out at first.
Batting: RHB Jalen Jamison 0-0: Ball
1-0: Foul Ball, location: 2F
1-1: SINGLE (Groundball, 6S, EV 99.4 MPH)
Batting: RHB Jeremy Llorens 0-0: Called Strike
0-1: Swinging Strike
0-2: Fly out, F8 (Flyball, 89D, EV 91.2 MPH)
Batting: RHB Robbie Peralta 0-0: TRIPLE (Line Drive, 78XD, EV 108.1 MPH)
Jalen Jamison scores
Batting: RHB Rick McAlister 0-0: Called Strike
0-1: Ball
1-1: Ball
2-1: Foul Ball, location: 2F
2-2: Foul Ball, location: 2F
2-2: Foul Ball, location: 2F
2-2: Strikes out swinging
Bottom of the 6th over - 1 run, 2 hits, 0 errors, 1 left on base; Tucson 0 - Edmonton 3
TOP OF THE 7TH
Tucson Sidewinders batting - Pitching for Edmonton Edge : RHP Jose Flores
Batting: LHB Bert Salsameda 0-0: Ball
1-0: Called Strike
1-1: Ball
2-1: Swinging Strike
2-2: Foul Ball, location: 2F
2-2: Strikes out looking
Batting: RHB Emilio Pulido 0-0: Swinging Strike
0-1: Ball
1-1: Ball
2-1: Called Strike
2-2: Strikes out swinging
Batting: LHB Sean DuPont 0-0: Foul Ball, location: 2F
0-1: Ball
1-1: Ball
2-1: Ball
3-1: Swinging Strike
3-2: Strikes out swinging
Top of the 7th over - 0 runs, 0 hits, 0 errors, 0 left on base; Tucson 0 - Edmonton 3
BOTTOM OF THE 7TH
Edmonton Edge batting - Pitching for Tucson Sidewinders : RHP Lucas Bartel
Batting: RHB Robo Palmer 0-0: Foul Ball, location: 2F
0-1: Foul Ball, location: 2F
0-2: Foul Ball, location: 2F
0-2: Ball
1-2: Strikes out swinging
Pitching: RHP Pat Schlump
Batting: RHB Cameron Popovich 0-0: Ball
1-0: Called Strike
1-1: Called Strike
1-2: Ball
2-2: Ball
3-2: Ground out 6-3 (Groundball, 56, EV 92.5 MPH)
Batting: RHB Jose Amador 0-0: Ball
1-0: Called Strike
1-1: Ball
2-1: Ball
3-1: Base on Balls
Batting: LHB Tommy Goyette 0-0: Ball
1-0: Ball
Jose Amador is caught stealing 2nd base 2-6
Bottom of the 7th over - 0 runs, 0 hits, 0 errors, 0 left on base; Tucson 0 - Edmonton 3
TOP OF THE 8TH
Tucson Sidewinders batting - Pitching for Edmonton Edge : RHP Jose Flores
Now at 2B: Joaquin Campos
Now in CF: Cameron Popovich
Now in RF: Jose Amador
Batting: RHB Kirk Bolding 0-0: Foul Ball, location: 2F
0-1: Ball
1-1: Ball
2-1: Swinging Strike
2-2: Ball
3-2: Fly out, F6 (Popup, 6M, EV 64.4 MPH)
Batting: RHB Ross Shields 0-0: Ball
1-0: Foul Ball, location: 2F
1-1: Ground out 6-3 (Groundball, 6, EV 107.5 MPH)
Batting: RHB Luke Scala 0-0: Ball
1-0: Ground out 3-1 (Groundball, 34S, EV 83.8 MPH)
Top of the 8th over - 0 runs, 0 hits, 0 errors, 0 left on base; Tucson 0 - Edmonton 3
BOTTOM OF THE 8TH
Edmonton Edge batting - Pitching for Tucson Sidewinders : RHP Pat Schlump
Batting: SHB Joaquin Campos 0-0: SINGLE (Groundball, 34D, EV 102.5 MPH)
Batting: LHB Robert Ledbetter 0-0: Ball
1-0: Fly out, F4 (Popup, 4, EV 61.2 MPH)
Batting: RHB Jalen Jamison 0-0: DOUBLE (Line Drive, 9LD, EV 110.0 MPH)
Joaquin Campos to third
Runner from 3rd tries for Home, SAFE, throw by RF to home
Batting: RHB Jeremy Llorens 0-0: Ball
1-0: Foul Ball, location: 2F
1-1: Ball
2-1: Ball
3-1: Base on Balls
Batting: RHB Robbie Peralta 0-0: Ball
1-0: Fly out, F8 (Flyball, 8LD, EV 98.8 MPH)
Runner from 2nd tags up, SAFE at 3rd with throw by CF
Batting: RHB Rick McAlister 0-0: Ball
1-0: Fielders Choice at 2nd, 6-4 (Groundball, 6, EV 80.0 MPH)
Bottom of the 8th over - 1 run, 2 hits, 0 errors, 2 left on base; Tucson 0 - Edmonton 4
TOP OF THE 9TH
Tucson Sidewinders batting - Pitching for Edmonton Edge : RHP Jose Flores
Batting: RHB Steve Scarbrough 0-0: Fly out, F9 (Line Drive, 9, EV 85.6 MPH)
Batting: LHB Paco Abreu 0-0: Called Strike
0-1: Swinging Strike
0-2: Strikes out swinging
Batting: RHB Javier Menendez 0-0: Ball
1-0: Ball
2-0: Called Strike
2-1: Called Strike
2-2: SOLO HOME RUN (Flyball, 7LD, EV 88.8 MPH), Distance : 331 ft
Batting: LHB Bert Salsameda 0-0: Foul Ball, location: 2F
0-1: Foul Ball, location: 2F
0-2: Ball
1-2: Strikes out swinging
Top of the 9th over - 1 run, 1 hit, 0 errors, 0 left on base; Tucson 1 - Edmonton 4
Saturday, May 31st , 2025 - OOTP Baseball 25.11 Build 104